 Dungeon Crawl Stone Soup version 0.32-a0-163-g159c032 (webtiles) character file.

Game seed: 13609686161182629024

10916 Dorkslayer the Severer (level 11, -11/95 HPs)
             Began as a Hill Orc Fighter on Feb 11, 2024.
             Was a High Priest of Okawaru.
             Mangled by a freezing wraith (19 damage)
             ... on level 9 of the Dungeon.
             The game lasted 00:26:52 (8029 turns).

Dorkslayer the Severer (Hill Orc Fighter)           Turns: 8029, Time: 00:26:53

Health: -11/95     AC: 17    Str: 24    XL:     11   Next: 69%
Magic:  14/14      EV: 11    Int:  8    God:    Okawaru [*****.]
Gold:   674        SH: 12    Dex: 22    Spells: 10/10 levels left

rFire   . . .        a - +1 war axe (protect)
rCold   . . .        c - +0 buckler
rNeg    . . .        u - +0 chain mail
rPois   .            D - +2 helmet
rElec   .            s - +1 cloak
rCorr   .            g - +0 pair of gloves
SInv    .            (no boots)
Will    .....        q - amulet of reflection Stlth
                     y - +6 ring of dexterity
HPRegen 0.35/turn    A - +6 ring of dexterity
MPRegen 0.14/turn

%: reflection
@: mighty
A: no striking features
a: Renounce Religion, Heroism, Finesse, Duel


You were on level 9 of the Dungeon.
You worshipped Okawaru.
Okawaru was extremely pleased with you.
You visited 2 branches of the dungeon, and saw 10 of its levels.
You also visited: Sewer.

You collected 770 gold pieces.
You spent 96 gold pieces at shops.

Inventory:

Hand Weapons
 a - a +1 war axe of protection (weapon)
 b - the +5 spear of the Iron City of Dis {vamp, rF- rN+++ Int-5 SInv}
   (You found it on level 7 of the Dungeon)

   Int-5:     It affects your intelligence (-5).
   rF-:       It makes you vulnerable to fire.
   rN+++:     It renders you almost immune to negative energy.
   SInv:      It lets you see invisible.
 F - a +5 flail of freezing
Missiles
 j - 2 javelins
 w - 4 curare-tipped darts (quivered)
 G - 6 boomerangs
Armour
 c - a +0 buckler (worn)
 g - a +0 pair of gloves (worn)
 s - a +1 cloak (worn)
 u - a +0 chain mail (worn)
 D - a +2 helmet (worn)
Jewellery
 h - a ring of protection from cold
 q - an amulet of reflection (around neck)
 t - a ring of flight
 v - a ring of protection from fire
 y - a +6 ring of dexterity (left hand)
 A - a +6 ring of dexterity (right hand)
 B - a ring of magical power
Wands
 d - a wand of mindburst (18)
 m - a wand of polymorph (5)
 H - a wand of flame (68)
Scrolls
 e - 5 scrolls of revelation
 o - 2 scrolls of poison
 p - 4 scrolls of enchant weapon
 r - a scroll of torment {unknown}
 x - 2 scrolls of teleportation
 C - a scroll of enchant armour
 K - a scroll of immolation
Potions
 f - a potion of haste
 i - a potion of enlightenment
 k - 8 potions of curing
 l - 2 potions of cancellation
 n - a potion of magic
 z - 2 potions of might
 E - a potion of ambrosia {unknown}
 I - 3 potions of mutation
 J - a potion of berserk rage


   Skills:
 + Level 8.3 Fighting
 + Level 15.1 Axes
 + Level 1.9 Throwing
 + Level 7.9 Armour
 * Level 4.1 Dodging
 + Level 1.6 Stealth
 + Level 8.5 Shields
 * Level 4.5 Invocations
 * Level 3.7 Evocations


You had 10 spell levels left.
You didn't know any spells.
Your spell library contained the following spells:

 Spells                   Type           Power      Damage    Failure   Level
 Freeze                   Ice            0%         1d3       93%         1
 Kiss of Death            Conj/Necr      0%         2d5       93%         1
 Frozen Ramparts          Ice            0%         1d1       100%        3
 Hailstorm                Conj/Ice       0%         3d5       100%        3
 Passage of Golubria      Tloc           0%         N/A       100%        4
 Lee's Rapid Deconstruct  Erth           0%         3d4*      100%        5
 Yara's Violent Unravell  Hex/Alch       0%         3d3       100%        5
 Fire Storm               Conj/Fire      0%         5d1       100%        9
 Tukima's Dance           Hex            Unusable   N/A       N/A         3
 Animate Armour           Summ/Erth      Unusable   N/A       N/A         4
 Summon Lightning Spire   Summ/Air       Unusable   N/A       N/A         4
 Monstrous Menagerie      Summ           Unusable   N/A       N/A         7

Dungeon Overview and Level Annotations

Branches:
Dungeon (9/15)             Temple (1/1) D:4            Lair (0/5) D:9
  Sewer (visited)
    Orc: D:9-12

Altars:
Ashenzari
Cheibriados
Elyvilon
Fedhas
Gozag
Hepliaklqana
Kikubaaqudgha
Makhleb
Nemelex Xobeh
Okawaru
Qazlal
Sif Muna
Uskayaw
Vehumet
Wu Jian
Yredelemnul
Zin

Shops:
D:2 (   D:3 !   D:4 (


Message History

The centaur shoots an arrow.
You block the arrow with an invisible shield... and reflect it back!
The arrow hits the centaur!
You kill the centaur!
Okawaru accepts your kill.
You slice the two-headed ogre!!
You kill the two-headed ogre!
Okawaru is honoured by your kill. Okawaru grants you throwing weapons!
Something appears at your feet!
j - 2 javelins
Found a scroll of immolation.
Things that are here:
a +0 giant spiked club; a +0 giant club
K - a scroll of immolation You now have 649 gold pieces (gained 12).
Things that are here:
a +0 giant spiked club; a +0 giant club You see here a bullfrog corpse.
You now have 666 gold pieces (gained 17).
You see here a +0 shortbow.
You now have 674 gold pieces (gained 8).
You see here a +0 shortbow.
You see here a bullfrog corpse.
A freezing wraith comes into view.
Found a falchion.
The freezing wraith hits you.
* * * LOW HITPOINT WARNING * * *
The freezing wraith freezes you!
* * * LOW HITPOINT WARNING * * *
The freezing wraith hits you.
* * * LOW HITPOINT WARNING * * *
You see here 21 gold pieces.
Aiming: Mindburst
Press: ? - help, Shift-Dir - straight line, f - freezing wraith
Aim: a freezing wraith (chance to affect: 63%)
The freezing wraith's mind is blasted!
The freezing wraith hits you!
* * * LOW HITPOINT WARNING * * *
The freezing wraith freezes you!!
You die...

..#....... #....#
#.. .##.......
####.#### # .#
.####. #(##)##.####
†# #....†...'.. .#
#.##.##.###. .#
########)#### ##
.##.# #/...##...###
# .##.#
####.#####.##.# #
.##.#
#@##.##.##.##.# #
.##.#
#W............# #
.##.#
#.##.##.##.##.# #
.##.#
#####)##.#####.####
.##.# ###...###...#
#!...# .##.#
#.##.#####.#########
....#
#.##)##.##.##[#
..#.#
#.).†.....†.†.#
..#.#
#.##.##.##.##.#


You could see a freezing wraith.

Vanquished Creatures
  2 two-headed ogres (D:9)
  A cyclops (D:9)
  2 manticores (D:9)
  2 ugly things (D:9)
  Maurice (D:8)
  Joseph (D:9)
  A gargoyle (D:9)
  A kobold demonologist (D:9)
  Psyche (D:8)
  A troll (D:9)
  A hornet (D:9)
  Grinder (Sewer)
  3 slime creatures (D:9)
  A shadow (D:9)
  A vampire (D:9)
  3 wyverns
  A steam dragon (D:8)
  3 acid dragons (D:9)
  A water moccasin (D:8)
  An orc warrior (D:9)
  2 sky beasts (D:6)
  The ghost of Agrajag the Changeling, an amateur OnSh (D:3)
  2 ice beasts (D:6)
  An ogre (D:5)
  A black bear (D:4)
  4 centaurs
  2 phantoms
  5 kobold brigands
  A gnoll sergeant (D:9)
  9 bullfrogs
  2 scorpions (D:6)
  5 wights (D:9)
  3 killer bees (D:9)
  3 howler monkeys (D:8)
  3 bombardier beetles
  A quasit (Sewer)
  A centaur zombie (D:3)
  2 gnoll boudas
  5 hounds
  7 orc priests
  A jelly (D:6)
  Crazy Yiuf (D:3)
  4 iguanas
  2 orc wizards
  A killer bee zombie (D:3)
  13 gnolls
  11 adders
  A river rat (D:6)
  2 shadow imps
  A white imp (D:6)
  3 ufetubi (Sewer)
  3 dart slugs
  3 ribbon worms
  20 orcs
  8 endoplasms
  7 giant cockroaches
  5 goblins
  7 hobgoblins
  2 jackals (D:3)
  9 quokkas
  6 ball pythons
  6 bats
  5 frilled lizards
  29 kobolds
  A kobold zombie (Sewer)
  11 rats
251 creatures vanquished.

Vanquished Creatures (others)
  A bullfrog (D:9)
  An endoplasm (Sewer)
2 creatures vanquished.

Grand Total: 253 creatures vanquished

Notes
Turn   | Place    | Note
-------+----------+-------------------------------------------
     0 | D:1      | Dorkslayer the Hill Orc Fighter began the quest for the
                  | Orb.
     0 | D:1      | Reached XP level 1. HP: 19/19 MP: 1/1
    10 | D:1      | Noticed a centaur
   117 | D:1      | Reached skill level 3 in Axes
   133 | D:1      | Reached XP level 2. HP: 27/27 MP: 2/2
   413 | D:1      | Reached XP level 3. HP: 31/33 MP: 3/3
   855 | D:2      | Reached skill level 4 in Axes
   939 | D:2      | Reached skill level 1 in Dodging
   939 | D:2      | Reached XP level 4. HP: 30/40 MP: 4/4
  1031 | D:2      | Found Icvirgh's Antique Weapon Emporium.
  1674 | D:3      | Reached XP level 5. HP: 46/46 MP: 5/5
  1862 | D:3      | Found a white marble altar of Elyvilon.
  1978 | D:3      | Found Muluik's Distillery.
  1998 | D:3      | Bought a potion of curing for 36 gold pieces
  1998 | D:3      | Bought a potion of berserk rage for 60 gold pieces
  2139 | D:3      | Found a runed translucent gate.
  2139 | D:3      | Found a runed translucent gate.
  2139 | D:3      | Found a runed translucent gate.
  2239 | D:3      | Noticed Agrajag's ghost (amateur OnSh)
  2258 | D:3      | Killed Agrajag's ghost
  2259 | D:3      | Reached skill level 5 in Axes
  2259 | D:3      | Reached XP level 6. HP: 28/53 MP: 6/6
  2570 | D:3      | Found a runed translucent door.
  2571 | D:3      | Noticed Crazy Yiuf
  2581 | D:3      | Killed Crazy Yiuf
  2688 | D:4      | Reached skill level 6 in Axes
  2827 | D:4      | Reached XP level 7. HP: 57/60 MP: 7/7
  2842 | D:4      | Found Ros Cino's Antique Weapon Emporium.
  3067 | D:4      | You fall into a shaft and drop 2 floors!
  3130 | D:6      | Found a glowing drain.
  3139 | Sewer    | Entered a sewer
  3292 | Sewer    | Found a burning altar of Makhleb.
  3296 | Sewer    | Noticed Grinder
  3312 | Sewer    | Reached skill level 5 in Fighting
  3312 | Sewer    | Reached skill level 7 in Axes
  3314 | Sewer    | Paralysed by Grinder for 2 turns
  3329 | Sewer    | Paralysed by Grinder for 5 turns
  3344 | Sewer    | Killed Grinder
  3347 | Sewer    | Reached skill level 8 in Axes
  3349 | Sewer    | Reached XP level 8. HP: 35/68 MP: 8/8
  3613 | D:6      | Found a stormy altar of Qazlal.
  3624 | D:6      | Reached skill level 5 in Shields
  3629 | D:6      | Reached skill level 5 in Armour
  3665 | D:5      | Entered Level 5 of the Dungeon
  3965 | D:4      | Found a staircase to the Ecumenical Temple.
  4186 | Temple   | Entered the Ecumenical Temple
  4235 | Temple   | Became a worshipper of Warmaster Okawaru
  4268 | D:5      | Reached skill level 9 in Axes
  5034 | D:6      | Reached * piety under Okawaru
  5041 | D:6      | Reached XP level 9. HP: 32/75 MP: 9/9
  5052 | D:6      | Reached skill level 10 in Axes
  5181 | D:6      | Reached skill level 11 in Axes
  5581 | D:6      | Got the Quarto of Phantasmal Impulse
  5801 | D:7      | Identified the +5 spear of the Iron City of Dis {vamp, rF-
                  | rN+++ Int-5 SInv}
  5856 | D:7      | Reached ** piety under Okawaru
  6274 | D:8      | Found a sparkling altar of Nemelex Xobeh.
  6304 | D:8      | Reached skill level 12 in Axes
  6353 | D:8      | Reached skill level 1 in Stealth
  6426 | D:8      | Noticed Maurice
  6436 | D:8      | Something stole a ring of flight
  6440 | D:8      | Killed Maurice
  6441 | D:8      | Reached XP level 10. HP: 80/84 MP: 10/10
  6609 | D:8      | Found a basalt altar of Yredelemnul.
  6621 | D:8      | Found a snail-covered altar of Cheibriados.
  6631 | D:8      | Found a broken altar of Ashenzari.
  6631 | D:8      | Found a radiant altar of Vehumet.
  6694 | D:8      | Reached skill level 13 in Axes
  6795 | D:8      | Noticed Psyche
  6824 | D:8      | Killed Psyche
  7261 | D:9      | Reached *** piety under Okawaru
  7262 | D:9      | Reached skill level 1 in Throwing
  7303 | D:9      | Noticed a two-headed ogre
  7316 | D:9      | Killed a two-headed ogre
  7445 | D:9      | Reached skill level 1 in Invocations
  7471 | D:9      | Reached **** piety under Okawaru
  7472 | D:9      | Reached skill level 14 in Axes
  7472 | D:9      | Reached skill level 1 in Evocations
  7520 | D:9      | Found a staircase to the Lair.
  7575 | D:9      | Noticed Joseph
  7597 | D:9      | Killed Joseph
  7598 | D:9      | Reached XP level 11. HP: 61/94 MP: 12/12
  7769 | D:9      | Noticed a cyclops
  7773 | D:9      | Noticed a cyan ugly thing
  7787 | D:9      | Killed a cyclops
  7801 | D:9      | Killed a cyan ugly thing
  7808 | D:9      | Reached ***** piety under Okawaru
  7930 | D:9      | Noticed a manticore
  7934 | D:9      | Noticed a green ugly thing
  7934 | D:9      | Noticed a manticore
  7941 | D:9      | Killed a manticore
  7945 | D:9      | Killed a green ugly thing
  7954 | D:9      | Killed a manticore
  7977 | D:9      | Noticed a two-headed ogre
  7988 | D:9      | Reached skill level 15 in Axes
  7991 | D:9      | Killed a two-headed ogre
  7991 | D:9      | Received a gift from Okawaru
  8029 | D:9      | Mangled by a freezing wraith

Illustrated notes

Levels and vault maps discovered:
D:1:      evilmike_arrival_come_back, layout_loops_ring, st_stairs_5
D:2:      layout_basic, serial_shops, nicolae_shop_tiny_waterfront,
          minmay_tetromino_s2
D:3:      layout_loops_cross, mainiacjoe_overflow_six_doors_small,
          gammafunk_ghost_necromancy, serial_shops, nicolae_shop_waterfront,
          minmay_puff, uniq_crazy_yiuf_cottage
D:4:      black_bear_nest_2, layout_basic, minmay_temple_entry_mist,
          serial_shops, shop, roderic_filled_cross, chequers_mini_garden,
          kennysheep_generic_room_5
D:5:      layout_layer_cave
D:6:      layout_basic, nicolae_qazlal_beasts_of_the_sky,
          gup_sewer_entry_bubbles, minmay_fractal_squares_diagonal_5
D:7:      layout_rooms, roderic_lattice_a, minivault_23,
          amcnicky_mini_rare_corridor_liquid
D:8:      layout_basic, kennysheep_little_box, minitemple, uniq_maurice,
          uniq_psyche
D:9:      hangedman_cross_veins, layout_long_grid, lair_entry_dummy,
          grunt_ministairs_2, uniq_jeremiah, uniq_joseph
Temple:   compressed_dpeg_circular_temple

Skill      XL: |  1  2  3  4  5  6  7  8  9 10 11 |
---------------+----------------------------------+-----
Axes           | 3 4 5 6 8 9 12 14 15 | 15.1
Fighting       | 4 5 6 7 8 |  8.3
Dodging        | 1 2 3 4 |  4.1
Armour         | 4 5 6 7 |  7.9
Shields        | 4 6 7 8 |  8.5
Stealth        | 1 |  1.6
Throwing       | 1 |  1.9
Invocations    | 2 4 |  4.5
Evocations     | 1 3 |  3.7

Action                     |  1- 3 |  4- 6 |  7- 9 | 10-12 || total
---------------------------+-------+-------+-------+-------++-------
  Melee: War axe           |   101 |   157 |   373 |   271 ||   902
  Throw: Dart              |       |       |     5 |    14 ||    19
  Evoke: Wand              |       |       |       |     2 ||     2
    Use: Potion            |       |     3 |     3 |    10 ||    16
         Scroll            |       |       |    22 |       ||    22
 Armour: Scale mail        |    67 |   118 |   178 |       ||   363
         Chain mail        |       |       |    50 |   150 ||   200
  Dodge: Dodged            |    53 |    54 |   131 |    70 ||   308
  Block: Buckler           |    20 |    75 |   203 |   143 ||   441
         Reflection        |       |     1 |    10 |     7 ||    18

Table legend: (Time is in decaauts)
 A = Elapsed time spent in this place.
 B = Non-inter-level travel time spent in this place.
 C = Inter-level travel time spent in this place.
 D = Time resting spent in this place.
 E = Time spent auto-exploring this place.
 F = Levels seen in this place.
 G = Mean time per level.
                   A        B        C        D        E       F      G
               +--------+--------+--------+--------+--------+-----+--------+
         Total |   8091 |   8091 |      0 |      0 |   3571 |  11 |  735.5 |
       Dungeon |   7589 |   7589 |      0 |      0 |   3511 |   9 |  843.2 |
        Temple |     60 |     60 |      0 |      0 |      0 |   1 |   60.0 |
         Sewer |    441 |    441 |      0 |      0 |     60 |   1 |  441.0 |
               +--------+--------+--------+--------+--------+-----+--------+

Top non-repeatable levels by time:
     D:3: 1094 daAuts
     D:6: 984 daAuts
     D:2: 966 daAuts
     D:8: 901 daAuts
     D:4: 889 daAuts
     D:9: 773 daAuts
     D:5: 770 daAuts
     D:1: 659 daAuts
     D:7: 550 daAuts
   Sewer: 441 daAuts
  Temple: 60 daAuts
